 Dungeon Crawl Stone Soup version 0.29-a0-23-ga79f92ac9c (webtiles) character file.

Game seed: 2678809515672712375

5371 Ajdolov the Grappler (level 10, -1/96 HPs)
             Began as a Troll Monk on Jan 30, 2022.
             Slain by a komodo dragon (17 damage)
             ... on level 8 of the Dungeon.
             The game lasted 00:13:09 (7253 turns).

Ajdolov the Grappler (Troll Monk)                   Turns: 7253, Time: 00:13:10

Health: -1/96      AC: 10    Str: 28    XL:     10   Next: 39%
Magic:  9/9        EV: 10    Int:  9    God:
Gold:   399        SH:  5    Dex: 18    Spells: 9/9 levels left

rFire   . . .      SeeInvis .     - Unarmed
rCold   . . .      Faith    .   (no shield)
rNeg    . . .      Spirit   .   H - +0 steam dragon scales
rPois   +          Reflect  +   k - +2 hat {Int+3}
rElec   .          Harm     .   h - +0 cloak
rCorr   .          Rampage  .   (gloves unavailable)
Will    .....                   (boots unavailable)
Stlth   +++.......              i - amulet of reflection
HPRegen 1.06/turn               q - ring "Xuept" {Drain rPois Str+3 Slay+6 Stlth+}
MPRegen 0.11/turn               v - +6 ring of dexterity

@: no status effects
A: large, unfitting armour, claws 3, regeneration 1, shaggy fur 1, tough skin 1
a: no special abilities


You were on level 8 of the Dungeon.
You visited 2 branches of the dungeon, and saw 9 of its levels.

You collected 399 gold pieces.

Inventory:

Missiles
 d - 227 stones
 x - a throwing net
 G - 4 large rocks (quivered)
Armour
 h - a +0 cloak (worn)
 k - a +2 hat of intelligence (worn)
 H - +0 steam dragon scales (worn)
Magical Staves
 y - a staff of earth
Jewellery
 i - an amulet of reflection (around neck)
 q - the ring "Xuept" (left claw) {Drain rPois Str+3 Slay+6 Stlth+}
   (You found it on level 4 of the Dungeon)

   [ring of poison resistance]

   Str:       It affects your strength (+3).
   Slay:      It affects your accuracy & damage with ranged weapons and melee
   (+6).
   rPois:     It protects you from poison.
   Drain:     It drains your maximum health when unequipped.
   Stlth:     It makes you more stealthy.
 t - a ring of magical power
 u - a +6 ring of intelligence
 v - a +6 ring of dexterity (right claw)
Wands
 C - a wand of charming (6)
 D - a wand of iceblast (23)
 I - a wand of digging (5)
Scrolls
 b - a scroll of vulnerability {unknown}
 c - 8 scrolls of identify {unknown}
 j - 4 scrolls of magic mapping {unknown}
 m - a scroll of blinking {unknown}
 n - 2 scrolls of torment {unknown}
 r - a scroll of immolation {unknown}
 w - a scroll of fog {unknown}
 A - 2 scrolls of enchant weapon {unknown}
Potions
 a - a potion of cancellation {unknown}
 e - 3 potions of curing {unknown}
 f - 2 potions of haste {unknown}
 g - 3 potions of flight {unknown}
 l - a potion of heal wounds {unknown}
 o - 2 potions of mutation {unknown}
 p - a potion of lignification {unknown}
 s - a potion of magic {unknown}
 z - a potion of attraction {unknown}
 B - a potion of degeneration {unknown}
 E - a potion of berserk rage {unknown}
 F - a potion of brilliance {unknown}


   Skills:
 + Level 5.4 Fighting
 + Level 7.4 Throwing
 - Level 2.4 Dodging
 - Level 1.0 Stealth
 * Level 12.2 Unarmed Combat


You had 9 spell levels left.
You didn't know any spells.
Your spell library contained the following spells:

 Spells                   Type           Power      Damage    Failure   Level
 Animate Skeleton         Necr           0%         N/A       38%         1
 Pain                     Necr           0%         1d4       38%         1
 Summon Small Mammal      Summ           0%         N/A       38%         1
 Blink                    Tloc           0%         N/A       52%         2
 Corpse Rot               Necr/Air       0%         N/A       52%         2
 Poisonous Vapours        Pois/Air       0%         N/A       52%         2
 Call Canine Familiar     Summ           0%         N/A       77%         3
 Gell's Gravitas          Tloc           0%         N/A       77%         3
 Lesser Beckoning         Tloc           0%         N/A       77%         3
 Summon Guardian Golem    Hex/Summ       0%         N/A       77%         3
 Teleport Other           Tloc           0%         N/A       77%         3
 Vampiric Draining        Necr           0%         2d6       77%         3
 Manifold Assault         Tloc           0%         N/A       100%        5
 Dispersal                Tloc           0%         N/A       100%        6


Dungeon Overview and Level Annotations

Branches:
Dungeon (8/15)             Temple (1/1) D:6
   Lair: D:8-11

Altars:
Ashenzari
Cheibriados
Dithmenos
Elyvilon
Fedhas
Gozag
Hepliaklqana
Kikubaaqudgha
Makhleb
Nemelex Xobeh
Okawaru
Qazlal
Ru
Sif Muna
Trog
Uskayaw
Vehumet
Wu Jian
Xom
Yredelemnul
Zin
The Shining One

Annotations:
D:6 2 runed translucent doors, Menkaure; NigelTetley's ghost, novice FoFi
D:7 3 runed translucent doors, Armakuni's ghost, journeyman HuSu


Innate Abilities, Weirdness & Mutations

You are too large for most types of armour.
You have claws for hands.
Your natural rate of healing is unusually fast.
You are covered in fur. (AC +1)
You have tough skin. (AC +1)


Message History

You claw the acid dragon!
The acid dragon is heavily wounded.
The acid dragon bites you but does no damage.
The acid dragon barely misses you.
You mangle the acid dragon!!
You kill the acid dragon!
You claw the basilisk!
The basilisk is moderately wounded.
You claw the basilisk!
The basilisk is heavily wounded.
The basilisk bites you but does no damage.
You barely miss the basilisk.
The basilisk is heavily wounded.
The basilisk bites you!
You claw the basilisk!
The basilisk is almost dead.
The basilisk gazes at you.
You are slowing down.
You scratch the basilisk.
You kill the basilisk!
Your limbs are stiffening.
You mangle the komodo dragon!!
The komodo dragon is heavily wounded.
The komodo dragon bites you!!
You have turned to stone.
The komodo dragon bites you. The komodo dragon bites you!!
The komodo dragon bites you but does no damage. x2
The komodo dragon bites you! The komodo dragon bites you!
* * * LOW HITPOINT WARNING * * *
The komodo dragon bites you but does no damage.
The komodo dragon bites you!
* * * LOW HITPOINT WARNING * * *
The komodo dragon bites you!!
* * * LOW HITPOINT WARNING * * *
You turn to flesh and can move again.
You claw the komodo dragon!
The komodo dragon is severely wounded.
The komodo dragon bites you!
You die...

.....#####...#.##
....## #######
)..## #.## ### ###
#### ##
#####.####..##.#
........###.#..###
..###........###.#
### ##..........@#
#.###.#.....l......
#.# ##.#......#....
##. ..##.#...#....#
.### #####.....# .#
#.###.# ## ## #


You could see a komodo dragon.

Vanquished Creatures
  A hornet (D:7)
  Sigmund (D:3)
  4 yaks
  2 wyverns (D:8)
  2 basilisks (D:8)
  Eustachio (D:6)
  A steam dragon (D:7)
  An acid dragon (D:8)
  A water moccasin (D:5)
  Edmund (D:5)
  A sky beast (D:8)
  An ice beast (D:6)
  A hornet zombie (D:6)
  2 ogres
  2 orc warriors (D:7)
  A necrophage (D:6)
  A centaur (D:4)
  5 phantoms
  A gnoll sergeant (D:7)
  A wyvern zombie (D:6)
  2 bullfrogs (D:8)
  4 scorpions
  4 killer bees (D:7)
  7 wights
  2 howler monkeys
  A centaur zombie (D:5)
  A centaur skeleton (D:6)
  2 hounds
  5 jellies
  2 orc priests
  A gnoll shaman (D:5)
  3 iguanas
  Crazy Yiuf (D:2)
  3 orc wizards (D:7)
  3 hell rats (D:5)
  A killer bee zombie (D:7)
  A hound zombie (D:5)
  8 gnolls
  7 adders
  21 river rats (D:5)
  3 shadow imps
  A white imp (D:7)
  2 ufetubi (D:5)
  An adder skeleton (D:4)
  A worm (D:2)
  3 dart slugs
  17 orcs
  9 ball pythons
  7 bats
  10 endoplasms
  2 giant cockroaches (D:1)
  9 goblins
  11 hobgoblins
  2 jackals (D:1)
  2 quokkas
  3 frilled lizards
  7 kobolds
  3 rats
203 creatures vanquished.

Vanquished Creatures (others)
  2 plants (D:8)
2 creatures vanquished.

Grand Total: 205 creatures vanquished

Notes
Turn   | Place    | Note
-------+----------+-------------------------------------------
     0 | D:1      | Ajdolov the Troll Monk began the quest for the Orb.
     0 | D:1      | Reached XP level 1. HP: 22/22 MP: 0/0
   332 | D:1      | Reached XP level 2. HP: 29/29 MP: 1/1
   482 | D:1      | Found a faded altar of an unknown god.
   689 | D:1      | Reached skill level 4 in Unarmed Combat
   784 | D:1      | Reached XP level 3. HP: 33/36 MP: 2/2
  1071 | D:2      | Reached skill level 1 in Throwing
  1210 | D:2      | Found a runed translucent door.
  1211 | D:2      | Noticed Crazy Yiuf
  1217 | D:2      | Killed Crazy Yiuf
  1218 | D:2      | Reached XP level 4. HP: 33/44 MP: 3/3
  1578 | D:3      | Noticed Sigmund
  1589 | D:3      | Killed Sigmund
  1590 | D:3      | Reached skill level 5 in Unarmed Combat
  1590 | D:3      | Reached XP level 5. HP: 50/50 MP: 4/4
  1671 | D:3      | Reached XP level 6. HP: 52/59 MP: 5/5
  1930 | D:3      | Reached skill level 6 in Unarmed Combat
  1948 | D:3      | Identified the +4 ring mail "Japhoqea" {Harm rF+ rC- Int+2}
  2801 | D:4      | Identified the ring "Xuept" {Drain rPois Str+3 Slay+6
                  | Stlth+}
  2977 | D:4      | Reached skill level 7 in Unarmed Combat
  2977 | D:4      | Reached XP level 7. HP: 51/66 MP: 6/6
  3485 | D:5      | Entered Level 5 of the Dungeon
  3573 | D:5      | Reached skill level 8 in Unarmed Combat
  3810 | D:5      | Reached XP level 8. HP: 72/74 MP: 7/7
  3918 | D:5      | Reached skill level 5 in Throwing
  3928 | D:5      | Reached skill level 9 in Unarmed Combat
  3998 | D:5      | Noticed Edmund
  4005 | D:5      | Killed Edmund
  4281 | D:5      | Found the +2 ratskin cloak {*Rats rPois rN+ Str-1 Int-1
                  | Dex+1}
  4611 | D:6      | Reached XP level 9. HP: 83/83 MP: 8/8
  4625 | D:6      | Found a staircase to the Ecumenical Temple.
  4644 | D:6      | Found a runed translucent door.
  4656 | Temple   | Entered the Ecumenical Temple
  5026 | D:6      | Reached skill level 10 in Unarmed Combat
  5038 | D:6      | Noticed NigelTetley's ghost (novice FoFi)
  5073 | D:6      | Found a runed translucent door.
  5074 | D:6      | Noticed Menkaure
  5472 | D:6      | Noticed Eustachio
  5486 | D:6      | Killed Eustachio
  6010 | D:7      | Reached skill level 11 in Unarmed Combat
  6372 | D:7      | Found a runed translucent gate.
  6372 | D:7      | Found a runed translucent gate.
  6373 | D:7      | Noticed Armakuni's ghost (journeyman HuSu)
  6389 | D:7      | Found a runed translucent gate.
  6783 | D:7      | Found an ornate altar of the Wu Jian Council.
  7027 | D:8      | Found an iron altar of Okawaru.
  7032 | D:8      | Reached XP level 10. HP: 94/94 MP: 9/9
  7063 | D:7      | Reached skill level 5 in Fighting
  7203 | D:8      | Reached skill level 12 in Unarmed Combat
  7253 | D:8      | Slain by a komodo dragon

Illustrated notes

Levels and vault maps discovered:
D:1:      nicolae_arrival_somewhat_less_tricky_arrival, layout_basic,
          hellmonk_ecumenical_altar_prayer_group, chequers_serial_rivers_small_a
D:2:      layout_basic, uniq_crazy_yiuf_cottage
D:3:      layout_basic, minmay_goblin_kobold_house, uniq_sigmund
D:4:      layout_cave_pods, serial_column_ruins, column_ruins_columns_corner,
          column_ruins_grid_3, column_ruins_corridor_straight,
          column_ruins_open_tiny, column_ruins_grid_4, column_ruins_grid_4,
          hangedman_minor_gate_pass
D:5:      wander_guarded_unrand_ratskin, layout_basic, hex_large,
          hellmonk_bongcloud_opening, lightli_corner_chamber, uniq_edmund
D:6:      layout_basic, minmay_temple_entry_overgrown, ebering_ghost_sewer_f,
          grunt_ministairs_5, uniq_eustachio, uniq_menkaure
D:7:      layout_basic, nicolae_wu_jian_immortal_techniques,
          gammafunk_ghost_split
D:8:      layout_cave_pools, erik_lair_dragon, serial_park,
          serial_park_fountain, serial_park_tiny_1, serial_park_square2,
          serial_park_tiny_pond, serial_park_square3
          [serial_park_minivault_5x5_5]
Temple:   mainiacjoe_temple_circle_huts

Skill      XL: |  1  2  3  4  5  6  7  8  9 10 |
---------------+-------------------------------+-----
Unarmed Combat | 4 5 7 8 9 11 12 | 12.2
Throwing       | 1 2 3 4 5 6 7 |  7.4
Fighting       | 3 4 5 |  5.4
Dodging        | |  2.4
Stealth        | |  1.0

Action                   |  1- 3 |  4- 6 |  7- 9 | 10-12 || total
-------------------------+-------+-------+-------+-------++-------
Melee: Unarmed           |    86 |    87 |   294 |    40 ||   507
       Punch             |     6 |     1 |    17 |     2 ||    26
Throw: Stone             |       |       |     8 |       ||     8
       Throwing net      |       |       |     1 |       ||     1
Evoke: Wand              |       |       |     2 |       ||     2
 Stab: Sleeping          |     3 |     1 |    13 |     1 ||    18
       Distracted        |       |       |     1 |       ||     1
Armor: Robe              |    18 |    45 |    64 |       ||   127
       Steam dragon scal |       |       |     6 |    27 ||    33
Dodge: Dodged            |    45 |    37 |    79 |    28 ||   189
Block: Other             |       |    16 |    39 |     8 ||    63
       Reflection        |       |     1 |       |       ||     1

Table legend: (Time is in decaauts)
 A = Elapsed time spent in this place.
 B = Non-inter-level travel time spent in this place.
 C = Inter-level travel time spent in this place.
 D = Time resting spent in this place.
 E = Time spent auto-exploring this place.
 F = Levels seen in this place.
 G = Mean time per level.
                   A        B        C        D        E       F      G
               +--------+--------+--------+--------+--------+-----+--------+
         Total |   7183 |   6817 |    366 |    341 |   5054 |   9 |  798.1 |
       Dungeon |   6842 |   6501 |    341 |    341 |   4761 |   8 |  855.2 |
        Temple |    340 |    315 |     25 |      0 |    293 |   1 |  340.0 |
               +--------+--------+--------+--------+--------+-----+--------+

Top non-repeatable levels by time:
     D:7: 1179 daAuts
     D:3: 1108 daAuts
     D:6: 992 daAuts
     D:5: 951 daAuts
     D:4: 928 daAuts
     D:1: 922 daAuts
     D:2: 507 daAuts
  Temple: 340 daAuts
     D:8: 253 daAuts
